 Dungeon Crawl Stone Soup version 0.31-a0-543-geaa9c7a2c0 (webtiles) character file.

Game seed: 15628986239570541828

10 GordonOverkill the Sneak (level 2, -4/16 HPs)
             Began as a Vine Stalker Delver on Aug 15, 2023.
             Slain by a worm (6 damage)
             ... in a sewer.
             The game lasted 00:01:48 (297 turns).

GordonOverkill the Sneak (Vine Stalker Delver)       Turns: 297, Time: 00:01:48

Health: -4/16      AC:  5    Str: 14    XL:     2   Next: 20%
Magic:  0/3        EV: 11    Int: 10    God:
Gold:   0          SH:  0    Dex: 15    Spells: 1/1 levels left

rFire   . . .        a - +0 mace
rCold   . . .        (no shield)
rNeg    . . .        b - +0 leather armour
rPois   .            (no helmet)
rElec   .            d - +1 cloak
rCorr   .            (no gloves)
SInv    .            (no boots)
Will    .....        (no amulet)
Stlth   +++          (no ring)
HPRegen 0.22/turn    (no ring)
MPRegen 0.08/turn

%: guardian spirit
@: no status effects
A: fangs 2, magic shield, antimagic bite, no potion heal 2
a: no special abilities


You were in a sewer.
You visited 1 branch of the dungeon, and saw 3 of its levels.
You also visited: Sewer.

Inventory:

Hand Weapons
 a - a +0 mace (weapon)
Armour
 b - a +0 leather armour (worn)
 d - a +1 cloak (worn)
Wands
 g - a wand of digging (3)
Scrolls
 c - 2 scrolls of fog
 e - a scroll of fear
 h - a scroll of identify {unknown}
Potions
 f - a potion of haste


   Skills:
 + Level 3.3 Fighting
 - Level 1.7 Maces & Flails
 - Level 1.5 Dodging
 - Level 6.0 Stealth


You had one spell level left.
You didn't know any spells.
Your spell library was empty.

Dungeon Overview and Level Annotations

Branches:
Dungeon (7/15)              Sewer (1/1)
 Temple: D:4-7

Altars:


Innate Abilities, Weirdness & Mutations

You have extremely sharp teeth.
When hurt, damage is shared between your health and your magic reserves.
Your bite disrupts and absorbs the magic of your enemies.
Potions cannot restore your health.


Message History

The bat is heavily wounded.
The bat hits you. The bat barely misses you. x2
You sock the bat!
You kill the bat!
No target in view!
No target in view!
No target in view!
Why would you want to do that?
A worm comes into view.
A jackal comes into view.
Found a scroll labelled OTASTE BOMINEC.
A ball python comes into view.
Found a scroll of fog and a scroll labelled BOJAUV AWUF.
You hit the worm but do no damage. You bite the worm, but do no damage.
You sock the worm!
The worm is heavily wounded.
The worm bites you!
* * * LOW HITPOINT WARNING * * *
You are too injured to fight recklessly!
You are too injured to fight recklessly!
You are too injured to fight recklessly!
You are too injured to fight recklessly!
You hit the worm but do no damage.
The worm is moderately wounded.
The worm bites you.
* * * LOW HITPOINT WARNING * * *
You hit the worm. Your bite misses the worm.
The worm is severely wounded.
You hit the worm.
The worm is almost dead.
The worm bites you but does no damage.
You barely miss the worm.
The worm is almost dead.
The worm bites you.
* * * LOW HITPOINT WARNING * * *
You hit the worm but do no damage. Your bite misses the worm.
The worm is almost dead.
The worm bites you!
You die...

###############
≈≈≈≈≈≈≈≈≈≈≈≈≈≈≈
≈≈≈≈≈≈≈≈≈≈≈≈≈≈≈
~.~.~~≈≈≈≈≈≈≈≈≈
#~≈†#
#~≈~#########..?
#.≈~~~~~~~~...~.
#~≈@≈≈≈≈≈≈≈≈.~.S
#~≈~w~~~~~~..~h.
#~≈~########~..?
#~≈~# .?# #~≈~##
## #~≈~~# ####
#.≈~#### ###.∩###
#~≈~~..####.....∩#
#~≈~~~~.....†....#


You could see a worm.

Vanquished Creatures
  A worm (D:5)
  2 bats (Sewer)
  A giant cockroach (D:5)
  A ball python (Sewer)
  A frilled lizard (Sewer)
  A rat (D:5)
7 creatures vanquished.

Notes
Turn   | Place    | Note
-------+----------+-------------------------------------------
     0 | D:5      | GordonOverkill the Vine Stalker Delver began the quest for
                  | the Orb.
     0 | D:5      | Reached XP level 1. HP: 11/11 MP: 2/2
    39 | D:6      | Noticed a bullfrog
    77 | D:7      | Noticed an orc wizard
   118 | D:5      | Found a glowing drain.
   197 | Sewer    | Entered a sewer
   209 | Sewer    | Reached XP level 2. HP: 16/16 MP: 3/3
   297 | Sewer    | Slain by a worm

Illustrated notes

Levels and vault maps discovered:
D:5:      layout_gridville, mainiacjoe_overflow_six_doors_small,
          portal_sewer_entry_c, uniq_menkaure
D:6:      layout_basic, serial_shops, nicolae_shop_industrial_runoff, shop,
          nicolae_shop_stone, shop, shop
D:7:      layout_loops_cross, mainiacjoe_overflow_tiny_flanked,
          gammafunk_temple_overflow_statue, hellmonk_guarded_unrand_hermit
Sewer:    sewer_fruit_machine

Skill      XL: |  1 |
---------------+----+-----
Fighting       | 3 |  3.3
Maces & Flails | |  1.7
Dodging        | |  1.5
Stealth        | |  6.0

Action                     || total
---------------------------++-------
  Melee: Mace              ||    31
         Bite              ||    12
    Use: Scroll            ||     1
 Armour: Leather armour    ||    10
  Dodge: Dodged            ||    12

Table legend: (Time is in decaauts)
 A = Elapsed time spent in this place.
 B = Non-inter-level travel time spent in this place.
 C = Inter-level travel time spent in this place.
 D = Time resting spent in this place.
 E = Time spent auto-exploring this place.
 F = Levels seen in this place.
 G = Mean time per level.
                   A        B        C        D        E       F      G
               +--------+--------+--------+--------+--------+-----+--------+
         Total |    328 |    328 |      0 |     16 |      6 |   4 |   82.0 |
       Dungeon |    204 |    204 |      0 |     16 |      0 |   3 |   68.0 |
         Sewer |    123 |    123 |      0 |      0 |      6 |   1 |  123.0 |
               +--------+--------+--------+--------+--------+-----+--------+

Top non-repeatable levels by time:
     D:5: 132 daAuts
   Sewer: 123 daAuts
     D:6: 66 daAuts
     D:7: 5 daAuts
